[Event "Titled Tuesday Blitz January 17 Early 2023"]
[White "Arjun, Kalyan"]
[Black "Dilanyan, Grigor"]
[WhiteFideId "35018701"]
[BlackFideId "13303570"]
[WhiteElo "2516"]
[BlackElo "2174"]
[Result "1-0"]
[Round "04"]
[TimeControl "180+2"]
[Date "2023.01.17"]
[WhiteClock "0:00:55"]
[BlackClock "0:00:16"]

1. e4 e5 2. Nf3 Nc6 3. Bc4 Nf6 4. d3 h6 5. c3 d6 6. O-O g5 7. Nbd2 g4 8. Nh4 Nxe4 9. Nxe4 Qxh4 10. f4 Bg7 11. f5 f6 12. b4 Ne7 13. Ng3 d5 14. Bb3 Bd7 15. d4 O-O-O 16. Be3 h5 17. Qd2 e4 18. c4 dxc4 19. Bxc4 Bc6 20. b5 Bd5 21. Be2 Kb8 22. a4 Ng8 23. a5 Bh6 24. b6 cxb6 25. axb6 Bxe3+ 26. Qxe3 Qg5 27. Qa3 axb6 28. Rfc1 Bc6 29. Rxc6 1-0


[Site "https://www.chess.com"]

[Event "Titled Tuesday Blitz January 17 Early 2023"]
[White "Ilkhomi, Jaloliddin"]
[Black "Concio, Michael Jr."]
[WhiteFideId "14700948"]
[BlackFideId "5217873"]
[WhiteElo "1997"]
[BlackElo "2395"]
[Result "0-1"]
[Round "04"]
[TimeControl "180+2"]
[Date "2023.01.17"]
[WhiteClock "0:00:39"]
[BlackClock "0:01:37"]

1. Nf3 Nf6 2. c4 c5 3. Nc3 d5 4. cxd5 Nxd5 5. Nxd5 Qxd5 6. d4 Nc6 7. dxc5 Qxd1+ 8. Kxd1 e5 9. e4 Bxc5 10. Bb5 f6 11. Ke2 Bd7 12. Rd1 Ke7 13. Be3 Bxe3 14. Kxe3 Rhd8 15. a3 Nd4 16. Bd3 Ba4 17. Rdc1 Nb3 18. Rc7+ Kd6 19. Rc4 b5 20. Rxa4 bxa4 21. Rd1 Ke7 22. Be2 Rxd1 23. Bxd1 Rc8 24. Nd2 Nc5 25. f3 Rb8 26. Nc4 Rd8 27. Bc2 Nb3 28. Bxb3 axb3 29. Nd2 Rc8 30. Kd3 Rc2 31. Nxb3 Rxg2 32. Na5 Rxb2 33. Nc6+ Kd7 34. Nxa7 Rb7 0-1


[Site "https://www.chess.com"]

[Event "Titled Tuesday Blitz January 17 Early 2023"]
[White "Golubev, Mikhail"]
[Black "Riehle, Marco"]
[WhiteFideId "14100983"]
[BlackFideId "12904392"]
[WhiteElo "2461"]
[BlackElo "2368"]
[Result "0-1"]
[Round "04"]
[TimeControl "180+2"]
[Date "2023.01.17"]
[WhiteClock "0:00:01"]
[BlackClock "0:00:17"]

1. e4 e5 2. Nf3 Nf6 3. Nc3 Nc6 4. d4 exd4 5. Nxd4 Nxe4 6. Nxc6 Nxc3 7. Nxd8 Nxd1 8. Nxf7 Kxf7 9. Bc4+ Kg6 10. h4 Nxf2 11. h5+ Kf6 12. Kxf2 c6 13. Rh3 Bc5+ 14. Be3 Bxe3+ 15. Rxe3 d5 16. Bd3 Bd7 17. Rf3+ Ke7 18. Re1+ Kd6 19. Kg3 Rae8 20. Rxe8 Bxe8 21. Kh4 Ke7 22. Re3+ Kf8 23. Rf3+ Bf7 24. g4 Ke7 25. Re3+ Kd6 26. Rf3 Be6 27. g5 h6 28. gxh6 Rxh6 29. Kg5 c5 30. c3 d4 31. cxd4 cxd4 32. Rf4 Kc5 33. Rf8 Bd5 34. Bg6 Bc4 35. Rc8+ Kb4 36. Rd8 Kc5 37. Rd7 Rh8 38. Rc7+ Kd5 39. Bf7+ Ke5 40. Bxc4 Rf8 41. Re7+ Kd6 42. Rxb7 Rf2 43. Rxa7 Rc2 44. Bd3 Rd2 45. Be4 Ke5 46. Bg6 d3 0-1


[Site "https://www.chess.com"]

[Event "Titled Tuesday Blitz January 17 Early 2023"]
[White "Maksimovic, Bojan"]
[Black "Belov, Alexei"]
[WhiteFideId "14408120"]
[BlackFideId "4128206"]
[WhiteElo "2486"]
[BlackElo "2421"]
[Result "1-0"]
[Round "04"]
[TimeControl "180+2"]
[Date "2023.01.17"]
[WhiteClock "0:00:13"]
[BlackClock "0:00:16"]

1. Nf3 Nf6 2. g3 d5 3. c4 e6 4. Bg2 Be7 5. O-O O-O 6. d4 dxc4 7. Qc2 a6 8. a4 Bd7 9. Qxc4 Bc6 10. Bg5 Bd5 11. Qc2 Be4 12. Qc1 Nc6 13. Bxf6 Bxf6 14. e3 e5 15. dxe5 Nxe5 16. Nxe5 Bxg2 17. Rd1 Qe7 18. Kxg2 Qxe5 19. Nc3 Rfd8 20. Qc2 g6 21. Qb3 b6 22. Qc4 c5 23. Rxd8+ Rxd8 24. Qxa6 Qe6 25. a5 bxa5 26. Qxe6 fxe6 27. Rxa5 Rb8 28. Ne4 Bxb2 29. Rxc5 Rb7 30. Rc6 Re7 31. Ng5 e5 32. Kf3 h6 33. Rxg6+ Rg7 34. Rxg7+ Kxg7 35. Ne4 Kg6 36. g4 h5 37. h3 hxg4+ 38. Kxg4 Ba3 39. h4 Be7 40. h5+ Kh6 41. Ng3 Bb4 42. Nf5+ Kh7 43. Kf3 Kg8 44. Ke4 Be1 45. f3 Bc3 46. Ng3 Kg7 47. Kf5 Bd2 48. Kxe5 Bxe3 49. Nf5+ Kh7 50. Nxe3 Kh6 51. f4 Kxh5 52. f5 1-0


[Site "https://www.chess.com"]

[Event "Titled Tuesday Blitz January 17 Early 2023"]
[White "Hirneise, Jens"]
[Black "Cherniaiev, Tykhon"]
[WhiteFideId "24614734"]
[BlackFideId "14182360"]
[WhiteElo "2277"]
[BlackElo "2330"]
[Result "1-0"]
[Round "04"]
[TimeControl "180+2"]
[Date "2023.01.17"]
[WhiteClock "0:00:41"]
[BlackClock "0:00:03"]

1. Nf3 Nf6 2. g3 d5 3. Bg2 e6 4. c4 Be7 5. O-O O-O 6. b3 d4 7. Bb2 c5 8. e3 Nc6 9. exd4 cxd4 10. d3 e5 11. Ne1 Bf5 12. Nd2 a5 13. a3 Rc8 14. Qe2 Qd7 15. Nc2 Rfe8 16. Rfe1 Bf8 17. Ne4 Nxe4 18. Bxe4 Bxe4 19. Qxe4 f5 20. Qf3 Bc5 21. Rad1 Nd8 22. b4 axb4 23. axb4 Bf8 24. b5 Nf7 25. h4 Bc5 26. Ba3 Bxa3 27. Nxa3 Qe7 28. Nc2 Rcd8 29. Qxf5 Nd6 30. Qh5 Qf6 31. Qg5 Qf3 32. Qd2 Qf6 33. Nb4 e4 34. Nd5 Qf7 35. dxe4 Nxe4 36. Qxd4 Nd6 37. Rxe8+ Rxe8 38. Nf6+ gxf6 39. Qxd6 Re6 40. Qb8+ Kg7 41. Qf4 Re5 42. Qg4+ Kh6 43. Rd7 Qg6 44. Qf4+ Kh5 45. Rxb7 Re4 46. Qf3+ Kh6 47. Rb6 Rxh4 48. Rxf6 Rxc4 49. Rxg6+ hxg6 50. Qe3+ Kh5 51. Qe2+ Rg4 52. b6 Kg5 53. Qxg4+ Kxg4 54. b7 Kh3 55. b8=Q g5 56. Qc8+ g4 57. Qh8# 1-0


[Site "https://www.chess.com"]

[Event "Titled Tuesday Blitz January 17 Early 2023"]
[White "Al-Tarboush, Ward"]
[Black "Sychev, Klementy"]
[WhiteFideId "7601450"]
[BlackFideId "4114060"]
[WhiteElo "2256"]
[BlackElo "2547"]
[Result "1/2-1/2"]
[Round "04"]
[TimeControl "180+2"]
[Date "2023.01.17"]
[WhiteClock "0:00:49"]
[BlackClock "0:00:04"]

1. e4 e5 2. Nf3 Nc6 3. Bb5 a6 4. Ba4 b5 5. Bb3 Na5 6. O-O d6 7. d4 exd4 8. Nxd4 Bb7 9. Bd2 Nxb3 10. axb3 g6 11. Bc3 Nf6 12. Qf3 Bg7 13. Nd2 b4 14. Bxb4 c5 15. Ba5 Qe7 16. Ne2 Nxe4 17. Nxe4 Bxe4 18. Qg3 O-O 19. Nc3 Bxc2 20. Nd5 Qe5 21. Qxe5 Bxe5 22. Nb6 Ra7 23. Nc4 Rb8 24. Nxe5 dxe5 25. Rfc1 Bxb3 26. Rxc5 f6 27. Bc3 Rd8 28. Rc6 Kf7 29. h4 Rda8 30. g4 Be6 31. g5 fxg5 32. hxg5 Rc8 33. Rcxa6 Rd7 34. Bxe5 Rc5 35. Bf6 h6 36. Re1 Bc4 37. Rb6 hxg5 38. Bc3 Rf5 39. Rb8 Bd5 40. Ree8 Bc6 41. Rf8+ Ke6 42. Rbe8+ Kd5 43. Rxf5+ gxf5 44. Re5+ Kc4 45. Rxf5 Rd1+ 46. Kh2 Rh1+ 47. Kg3 Rg1+ 48. Kh2 Rh1+ 49. Kg3 Rg1+ 50. Kh3 Rh1+ 51. Kg3 1/2-1/2


[Site "https://www.chess.com"]

[Event "Titled Tuesday Blitz January 17 Early 2023"]
[White "Pakleza, Zbigniew"]
[Black "Florescu, Codrut-Constantin"]
[WhiteFideId "1119290"]
[BlackFideId "1202200"]
[WhiteElo "2494"]
[BlackElo "2259"]
[Result "1-0"]
[Round "04"]
[TimeControl "180+2"]
[Date "2023.01.17"]
[WhiteClock "0:00:03"]
[BlackClock "0:00:01"]

1. d4 Nf6 2. Nf3 e6 3. Bf4 d5 4. e3 c5 5. c3 Nc6 6. Nbd2 Be7 7. Bd3 Nh5 8. Be5 f6 9. Bg3 g6 10. Bh4 Qb6 11. Qc2 f5 12. Bxe7 Kxe7 13. O-O Bd7 14. Rfe1 Nf6 15. Bf1 Rac8 16. Qb3 Na5 17. Qxb6 axb6 18. Ne5 Nc6 19. f3 Nxe5 20. dxe5 Nh5 21. e4 Bc6 22. exd5 exd5 23. b4 Nf4 24. Nb3 Ba4 25. bxc5 bxc5 26. Rab1 Ne6 27. Na5 Rc7 28. Nxb7 Ra8 29. Nd6 Bc6 30. Rb2 Rca7 31. Ra1 d4 32. cxd4 Nxd4 33. Bc4 Ra3 34. h4 Bxf3 35. gxf3 Nxf3+ 36. Kg2 Nxe5 37. Rd1 Rc3 38. Re2 Kf6 39. Bb5 c4 40. Ne8+ Rxe8 41. Bxe8 Nd3 42. Rf1 Ne5 43. Ba4 h6 44. Bd1 g5 45. hxg5+ hxg5 46. Ref2 f4 47. Rh1 Kf5 48. Rh8 Nd3 49. Rf8+ Kg6 50. Re2 Kg7 51. Ree8 Rc1 52. Rg8+ Kf6 53. Bg4 Rc2+ 54. Kf1 1-0


[Site "https://www.chess.com"]

[Event "Titled Tuesday Blitz January 17 Early 2023"]
[White "Salman, Pavel"]
[Black "Dimitrov, Atanas"]
[WhiteFideId "24153753"]
[BlackFideId "2901315"]
[WhiteElo "2287"]
[BlackElo "2269"]
[Result "1/2-1/2"]
[Round "04"]
[TimeControl "180+2"]
[Date "2023.01.17"]
[WhiteClock "0:00:08"]
[BlackClock "0:00:03"]

1. Nf3 d5 2. g3 Nf6 3. Bg2 g6 4. O-O Bg7 5. d3 O-O 6. Nbd2 c5 7. e4 Nc6 8. Re1 e5 9. a4 Re8 10. exd5 Nxd5 11. Nc4 h6 12. Nfd2 Be6 13. Ne4 Qe7 14. Ne3 Rad8 15. Nxd5 Bxd5 16. Be3 b6 17. Qc1 Kh7 18. h4 f5 19. Nc3 Bxg2 20. Kxg2 Qb7 21. f3 Bf6 22. Bf2 Kg7 23. a5 g5 24. axb6 axb6 25. h5 g4 26. Qd1 Nd4 27. Bxd4 exd4 28. Rxe8 Rxe8 29. Nb5 gxf3+ 30. Kh3 Re7 31. Ra7 Qc6 32. Rxe7+ Bxe7 33. Na3 b5 34. Nb1 Bg5 35. Nd2 Bxd2 36. Qxd2 Qe6 37. Qf4 Qd5 38. Kh2 c4 39. Kg1 cxd3 40. cxd3 Qc5 41. Kf2 Qc2+ 42. Kxf3 Qxd3+ 43. Kf2 Qc2+ 44. Kf3 Qd3+ 45. Kf2 Qc4 46. Qe5+ Kf7 47. Qxf5+ Ke7 48. Qh7+ Kd8 49. Qh8+ Kc7 50. Qg7+ Kb8 51. Qh8+ Ka7 52. Qg7+ Ka6 53. Qxh6+ Ka5 54. Qd2+ b4 55. h6 Qf7+ 56. Kg2 Qd5+ 57. Kf2 d3 58. Qf4 d2 59. Qc7+ Ka4 60. Qc2+ b3 61. Qd1 Qd3 62. h7 Qxh7 63. Qxd2 Qc2 64. Ke2 Qe4+ 65. Qe3 Qg2+ 66. Qf2 Qe4+ 67. Kf1 Qb1+ 68. Kg2 Qe4+ 69. Kh2 Qh7+ 70. Kg1 Qb1+ 71. Kg2 Qe4+ 72. Kh2 Qh7+ 73. Kg1 Qb1+ 74. Kg2 1/2-1/2


[Site "https://www.chess.com"]

[Event "Titled Tuesday Blitz January 17 Early 2023"]
[White "Lortkipanidze, Nodar"]
[Black "Fiorito, Francisco"]
[WhiteFideId "13604058"]
[BlackFideId "180165"]
[WhiteElo "2406"]
[BlackElo "2305"]
[Result "1-0"]
[Round "04"]
[TimeControl "180+2"]
[Date "2023.01.17"]
[WhiteClock "0:00:51"]
[BlackClock "0:00:01"]

1. e4 c5 2. c3 Nf6 3. e5 Nd5 4. d4 cxd4 5. cxd4 d6 6. Nf3 Nc6 7. Bc4 Nb6 8. Bb5 dxe5 9. Nxe5 Bd7 10. Nxd7 Qxd7 11. O-O e6 12. Nc3 Be7 13. Qg4 O-O 14. Bxc6 bxc6 15. Bh6 Bf6 16. Ne4 Qxd4 17. Rad1 Qe5 18. Rd3 Rfe8 19. Rf3 Be7 20. Bxg7 Qxg7 21. Qh5 Kh8 22. Rxf7 Qg6 23. Qe5+ Kg8 24. Rf3 Nd7 25. Qd4 c5 26. Qe3 Kh8 27. Rg3 Qh5 28. Rh3 Qf5 29. Ng3 Qe5 30. Qh6 Nf8 31. Rh5 Qg7 32. Qe3 Ng6 33. Qxe6 Bf6 34. Qc6 Bxb2 35. Rxc5 Bd4 36. Rd5 Rad8 37. Nf5 1-0


[Site "https://www.chess.com"]

[Event "Titled Tuesday Blitz January 17 Early 2023"]
[White "Krivonosov, Oleg"]
[Black "Schekachikhin, Maksim"]
[WhiteFideId "11600349"]
[BlackFideId "24177830"]
[WhiteElo "2359"]
[BlackElo "2371"]
[Result "0-1"]
[Round "04"]
[TimeControl "180+2"]
[Date "2023.01.17"]
[WhiteClock "0:00:27"]
[BlackClock "0:00:13"]

1. Nf3 Nf6 2. c4 g6 3. Nc3 Bg7 4. e4 O-O 5. d4 d6 6. Be2 e5 7. dxe5 dxe5 8. Qxd8 Rxd8 9. Bg5 Re8 10. Nd5 Nxd5 11. cxd5 c6 12. Bc4 cxd5 13. Bxd5 Nc6 14. O-O-O Be6 15. Bxe6 Rxe6 16. Rd7 f6 17. Be3 Re7 18. Rhd1 Rae8 19. Kb1 Bf8 20. a3 Rxd7 21. Rxd7 Re7 22. Rxe7 Bxe7 23. Kc2 Kf7 24. Kd3 Ke6 25. Kc4 a6 26. a4 b5+ 27. axb5 Na5+ 28. Kd3 axb5 29. Nd2 Kd7 30. f3 Kc6 31. Nb1 Nc4 32. Bc1 Nb6 33. Nc3 b4 34. Nd1 Bc5 35. b3 Kb5 36. Ne3 Nd7 37. Nd5 Bd4 38. Bd2 Bc5 39. h3 f5 40. exf5 gxf5 41. g4 fxg4 42. hxg4 Bd6 43. Be3 Bc5 44. Nc7+ Kc6 45. Ne6 Bxe3 46. Kxe3 Kd6 47. Ng5 Nc5 48. Ne4+ Nxe4 49. Kxe4 Ke6 50. g5 Kd6 51. Kf5 Kd5 52. Kf6 e4 53. fxe4+ Kxe4 54. Kg7 Kf5 55. Kh6 Kg4 0-1


[Site "https://www.chess.com"]

[Event "Titled Tuesday Blitz January 17 Early 2023"]
[White "Turzo, Attila"]
[Black "Harshavardhan G B"]
[WhiteFideId "704954"]
[BlackFideId "25059009"]
[WhiteElo "2279"]
[BlackElo "2408"]
[Result "0-1"]
[Round "04"]
[TimeControl "180+2"]
[Date "2023.01.17"]
[WhiteClock "0:00:11"]
[BlackClock "0:00:05"]

1. d4 d5 2. Bf4 Nf6 3. e3 c5 4. c3 Nc6 5. Nd2 Qb6 6. Qc2 g6 7. Bd3 Bg7 8. Ngf3 O-O 9. O-O c4 10. Be2 Bf5 11. Qc1 Qd8 12. b4 b5 13. a4 a6 14. Qb2 Nd7 15. axb5 axb5 16. Rxa8 Qxa8 17. Ra1 Qb7 18. Ra3 Nb6 19. Bd1 h6 20. Ne5 g5 21. Bg3 Nxe5 22. dxe5 Nd7 23. Nf3 Be4 24. Nd4 Nxe5 25. Ra5 Nd3 26. Qa1 e5 27. Nxb5 Qd7 28. Be2 d4 29. exd4 exd4 30. Nxd4 Bxd4 31. cxd4 Nxb4 32. Bxc4 Bxg2 33. Bxf7+ Qxf7 34. Kxg2 Nd3 35. Qc3 Nxf2 36. Ra2 Qxa2 37. d5 Qxd5+ 38. Kg1 Nh3# 0-1


[Site "https://www.chess.com"]

[Event "Titled Tuesday Blitz January 17 Early 2023"]
[White "Mikhailovsky, Vladimir"]
[Black "Ibadov, Dashgyn"]
[WhiteFideId "34105414"]
[BlackFideId "24107514"]
[WhiteElo "2215"]
[BlackElo "2391"]
[Result "1-0"]
[Round "04"]
[TimeControl "180+2"]
[Date "2023.01.17"]
[WhiteClock "0:00:05"]
[BlackClock "0:00:01"]

1. d4 d5 2. c4 e6 3. Nc3 c6 4. e4 Bb4 5. cxd5 exd5 6. e5 Ne7 7. Bd3 c5 8. Ne2 Nbc6 9. a3 Ba5 10. dxc5 Nxe5 11. O-O O-O 12. Bf4 N7g6 13. Bxg6 Nxg6 14. Bd6 Re8 15. Qxd5 Be6 16. Qd4 Qg5 17. Ng3 Bd8 18. Rfe1 Bf6 19. Qe3 Qg4 20. Rad1 h6 21. h3 Qc4 22. Nge4 Bh4 23. Qd3 Qb3 24. Qb5 Kh7 25. Bg3 Bxg3 26. fxg3 a6 27. Qxb3 Bxb3 28. Rc1 Rad8 29. Nd6 Rxe1+ 30. Rxe1 b6 31. Nb7 Rb8 32. c6 Be6 33. Nd6 Ne7 34. c7 Ra8 35. Na4 Ra7 36. Ne8 Nc8 37. Rd1 b5 38. Nc5 Bf5 39. Rd8 1-0


[Site "https://www.chess.com"]

[Event "Titled Tuesday Blitz January 17 Early 2023"]
[White "Mahdavi, Reza"]
[Black "Bagwe Gaurang"]
[WhiteFideId "12595926"]
[BlackFideId "45039895"]
[WhiteElo "2339"]
[BlackElo "2067"]
[Result "1-0"]
[Round "04"]
[TimeControl "180+2"]
[Date "2023.01.17"]
[WhiteClock "0:00:27"]
[BlackClock "0:00:02"]

1. e4 c6 2. d4 d5 3. e5 c5 4. dxc5 e6 5. Nf3 Bxc5 6. Bd3 b6 7. c3 Ne7 8. b4 Nbc6 9. bxc5 bxc5 10. O-O O-O 11. Bf4 f6 12. exf6 gxf6 13. Be3 Qd6 14. Na3 a6 15. Re1 e5 16. Nh4 f5 17. Bg5 e4 18. Bf1 Be6 19. g3 Ng6 20. Qh5 Nge5 21. Rad1 Ra7 22. Bf4 Qe7 23. Nc2 Ng4 24. h3 Nf6 25. Qg5+ Kh8 26. Nxf5 Qd8 27. Nce3 Rg8 28. Qh4 d4 29. cxd4 cxd4 30. Rc1 Nb4 31. Be5 Rf7 32. Nxd4 Nxa2 33. Nxe6 Qe7 34. Rc7 Qxe6 35. Rxf7 Qxf7 36. Qxf6+ 1-0


[Site "https://www.chess.com"]

[Event "Titled Tuesday Blitz January 17 Early 2023"]
[White "Kassimov, Baurzhan"]
[Black "Salimova, Nurgyul"]
[WhiteFideId "13704800"]
[BlackFideId "2915138"]
[WhiteElo "2285"]
[BlackElo "2391"]
[Result "0-1"]
[Round "04"]
[TimeControl "180+2"]
[Date "2023.01.17"]
[WhiteClock "0:00:01"]
[BlackClock "0:00:09"]

1. d4 Nf6 2. Nf3 d5 3. Bf4 Bf5 4. e3 e6 5. c4 Bxb1 6. Qa4+ Qd7 7. Qxd7+ Nbxd7 8. Rxb1 Bb4+ 9. Kd1 Ne4 10. Bg3 Bd6 11. Nd2 Bxg3 12. Nxe4 Bh4 13. Ng3 Bxg3 14. hxg3 h6 15. b4 O-O 16. c5 e5 17. Bd3 Rfe8 18. Kd2 Re7 19. a4 Rae8 20. a5 Nf6 21. f3 e4 22. fxe4 Nxe4+ 23. Bxe4 Rxe4 24. Rb3 Rg4 25. Rh3 Re6 26. b5 Reg6 27. Ke2 Rxg3 28. Rxg3 Rxg3 29. Kf2 Rg6 30. Rb2 Kf8 31. Kf3 Ke7 32. e4 Rf6+ 33. Ke3 dxe4 34. Kxe4 Rf1 35. a6 b6 36. cxb6 cxb6 37. Kd5 Kd7 38. Rc2 h5 39. Rd2 h4 40. Ke5 f6+ 41. Kd5 g5 42. Ke4 g4 43. Kd5 Rf5+ 44. Ke4 Rxb5 45. Rf2 h3 46. gxh3 gxh3 47. Rh2 Rh5 48. d5 Kd6 49. Kd4 Rh4+ 50. Kd3 Kxd5 51. Kc3 f5 0-1


[Site "https://www.chess.com"]

[Event "Titled Tuesday Blitz January 17 Early 2023"]
[White "Bazarov, Konstantin"]
[Black "Atabayev, Saparmyrat"]
[WhiteFideId "4137000"]
[BlackFideId "14000571"]
[WhiteElo "2235"]
[BlackElo "2448"]
[Result "1/2-1/2"]
[Round "04"]
[TimeControl "180+2"]
[Date "2023.01.17"]
[WhiteClock "0:00:14"]
[BlackClock "0:00:16"]

1. d4 Nf6 2. c4 g6 3. Nc3 d5 4. Bg5 Ne4 5. Bh4 c5 6. e3 Qa5 7. Qb3 cxd4 8. exd4 Nc6 9. Nf3 Bg7 10. cxd5 Nxc3 11. bxc3 Nxd4 12. Nxd4 Bxd4 13. Bb5+ Kf8 14. Rc1 a6 15. Bd3 Bf6 16. Bxf6 exf6 17. O-O Kg7 18. c4 Qc5 19. Rfe1 Rb8 20. Rb1 Bd7 21. Qb6 Rhc8 22. Qxc5 Rxc5 23. Re7 Bf5 24. Bxf5 gxf5 25. Rbxb7 Rxb7 26. Rxb7 Rxc4 27. g3 Rc2 28. a4 Rc4 29. d6 Rxa4 30. d7 Rd4 31. Ra7 Kg6 32. Kg2 a5 33. Kf3 a4 34. Ke3 Rd1 35. Ke2 Rd6 36. Ke3 a3 37. Rxa3 Rxd7 38. Ra8 Re7+ 39. Kf3 Re4 40. Rg8+ Kh6 41. h3 Rb4 42. Rc8 Kg7 43. Rc5 Kg6 44. Rc8 h6 45. Rg8+ Kh7 46. Rc8 Ra4 47. Rc7 Kg6 48. Rc8 Ra3+ 49. Kf4 Ra4+ 50. Kf3 f4 51. gxf4 Ra3+ 52. Kg2 Kf5 53. Rh8 Kxf4 54. Rxh6 Kg5 55. Rh8 f5 56. Rg8+ Kf6 57. Rg3 Ra1 58. h4 Ra4 59. Kh3 Rf4 60. f3 Ra4 61. h5 Ra1 62. Kh2 Ra2+ 63. Kh3 Ra8 64. Kh4 Ra1 65. Rh3 Rg1 66. Rh2 f4 67. Rh3 Kf5 68. Rh2 Rg3 69. Rf2 f6 70. Rf1 Rg2 71. Kh3 Rg3+ 72. Kh4 Ke6 73. Re1+ Kf7 74. Rf1 Kg7 75. Re1 Rxf3 76. Kg4 Rf2 77. Re4 f3 78. Rf4 Rh2 79. Rxf3 Rg2+ 80. Rg3 Rf2 81. Rf3 Rb2 82. Kh4 Rb4+ 83. Kh3 Ra4 84. Rf2 Ra3+ 85. Kg4 Ra4+ 86. Kh3 Ra5 87. Kg4 Rg5+ 88. Kh4 Re5 89. Rf4 Re6 90. Rg4+ Kh7 91. Rg6 Re4+ 92. Rg4 Re1 93. Rg6 Rh1+ 94. Kg4 Rf1 95. Kh4 Rf4+ 96. Kh3 Rf5 97. Kh4 Rf1 98. Rg3 f5 99. Kg5 f4 100. Rg4 f3 101. Rf4 f2 102. Kf6 Kh6 103. Rf5 Kh7 104. Kf7 Kh8 105. Kf6 Kg8 106. h6 Kh7 107. Rf3 Kh8 108. Kf5 Kg8 109. Kf4 Kh7 110. Kg3 Rb1 111. Kxf2 Kxh6 112. Kg3 Rb2 113. Re3 Rb6 114. Rf3 Rg6+ 115. Kh3 Rc6 116. Rg3 Kh5 117. Rf3 Rd6 118. Rf5+ Kg6 119. Rf3 Rb6 120. Rg3+ Kf5 121. Rf3+ Ke4 122. Rg3 Kf4 123. Rg4+ Kf3 124. Rg3+ Kf2 125. Rg2+ Kf1 126. Rg3 Rh6+ 127. Kg4 Rh8 128. Kf5 Kf2 129. Rg6 Ke3 130. Rf6 Rh1 131. Kg6 Ke4 132. Kf7 Kd5 133. Rg6 Rh7+ 134. Kf6 Rh3 135. Rg5+ Ke4 136. Rg6 Rb3 137. Rg4+ Kd5 138. Rg5+ Ke4 139. Rg4+ Kf3 140. Rg5 1/2-1/2


[Site "https://www.chess.com"]

[Event "Titled Tuesday Blitz January 17 Early 2023"]
[White "Tanenbaum, Zachary"]
[Black "Renjith, Sravan"]
[WhiteFideId "2060850"]
[BlackFideId "4306783"]
[WhiteElo "2261"]
[BlackElo "2172"]
[Result "0-1"]
[Round "04"]
[TimeControl "180+2"]
[Date "2023.01.17"]
[WhiteClock "0:00:04"]
[BlackClock "0:00:02"]

1. e4 e5 2. Nf3 Nc6 3. Bc4 Nf6 4. d3 Bc5 5. c3 O-O 6. Nbd2 d5 7. exd5 Nxd5 8. Ne4 Be7 9. O-O h6 10. Re1 Be6 11. h3 Qd7 12. Bb5 Bd6 13. c4 Nf4 14. c5 Be7 15. Bxc6 Qxc6 16. Nxe5 Nxh3+ 17. gxh3 Qd5 18. Bf4 Bxh3 19. Qf3 Be6 20. Qg3 Kh7 21. b4 Rad8 22. Kh2 g5 23. Nxg5+ Bxg5 24. Bxg5 Rg8 25. f4 hxg5 26. fxg5 Kg7 27. Qf4 Rh8+ 28. Kg3 Rh3+ 29. Kf2 Rdh8 30. Qf6+ Kg8 31. Nf3 R8h5 32. Qe5 Qxf3+ 33. Kg1 Rh1# 0-1


[Site "https://www.chess.com"]

[Event "Titled Tuesday Blitz January 17 Early 2023"]
[White "Parpiev, Isaak"]
[Black "Nazari, Arad"]
[WhiteFideId "34281576"]
[BlackFideId "12577324"]
[WhiteElo "2167"]
[BlackElo "2367"]
[Result "0-1"]
[Round "04"]
[TimeControl "180+2"]
[Date "2023.01.17"]
[WhiteClock "0:00:03"]
[BlackClock "0:00:10"]

1. e4 c5 2. Nf3 d6 3. d4 cxd4 4. Nxd4 Nf6 5. Nc3 a6 6. f4 e5 7. Nb3 Qc7 8. Be2 Be6 9. f5 Bc4 10. O-O Be7 11. Bg5 Nbd7 12. Kh1 h6 13. Bh4 b5 14. a3 Rc8 15. Nd2 Bxe2 16. Qxe2 Qb7 17. Rfd1 Nb6 18. Rab1 Nh7 19. Bf2 Nf6 20. Bh4 O-O 21. Nf1 Rfe8 22. Bxf6 Bxf6 23. Rxd6 Nc4 24. Rd3 Bg5 25. Nd5 Nd6 26. f6 gxf6 27. Nxf6+ Bxf6 28. Rxd6 Rc6 29. Qg4+ Kf8 30. Rd7 Qc8 31. Rbd1 Rxc2 32. Qf5 Rc6 33. Qh7 Bg7 34. Qf5 Rf6 35. Qh5 Rxf1+ 36. Rxf1 Qxd7 37. h3 Kg8 38. Qf3 Qe6 39. Rd1 Qf6 40. Qg4 Qg5 41. Qf3 Qf4 42. Qe2 Re6 43. Rf1 Qg5 44. Qd3 Rf6 45. Rf3 Rxf3 46. Qxf3 Qc1+ 47. Kh2 Qxb2 48. Qf5 Qc1 49. g3 Qd2+ 50. Kh1 Qc1+ 51. Kh2 Qxa3 52. Qc8+ Qf8 53. Qg4 Qa8 54. Qd1 a5 55. Qd5 Qxd5 56. exd5 Bf8 0-1


[Site "https://www.chess.com"]

[Event "Titled Tuesday Blitz January 17 Early 2023"]
[White "Rakotomaharo, Fy Antenaina"]
[Black "Eynullayev, Atilla"]
[WhiteFideId "13100050"]
[BlackFideId "13413570"]
[WhiteElo "2459"]
[BlackElo "2281"]
[Result "1-0"]
[Round "04"]
[TimeControl "180+2"]
[Date "2023.01.17"]
[WhiteClock "0:00:57"]
[BlackClock "0:00:03"]

1. e4 c5 2. Nf3 e6 3. d3 Nc6 4. g3 Nf6 5. Bg2 d5 6. Nbd2 g6 7. O-O Bg7 8. Re1 O-O 9. c3 a5 10. a4 b6 11. exd5 exd5 12. Nf1 Ra7 13. Bf4 Re8 14. Rxe8+ Qxe8 15. Qd2 Re7 16. Re1 Rxe1 17. Nxe1 Be6 18. Nf3 Ne7 19. Ng5 Qxa4 20. Nxe6 fxe6 21. Qe2 Qc6 22. Bh3 Kf7 23. Nd2 h6 24. Nf3 Nd7 25. d4 a4 26. Kg2 Nf5 27. g4 Nd6 28. g5 Ne4 29. gxh6 Bf6 30. Ne5+ Nxe5 31. dxe5 Bh8 32. f3 a3 33. bxa3 Nxc3 34. Qa6 Nb5 35. a4 Nd4 36. Qa7+ Kg8 37. h7+ Kf8 38. Bh6+ Ke8 39. Qb8+ Kf7 40. Qxh8 Qxa4 41. Qg7+ Ke8 42. h8=Q# 1-0


[Site "https://www.chess.com"]

[Event "Titled Tuesday Blitz January 17 Early 2023"]
[White "Gurvich, Vitaly"]
[Black "Martin Carmona, Gaston Manuel"]
[WhiteFideId "24164852"]
[BlackFideId "22284567"]
[WhiteElo "2278"]
[BlackElo "2333"]
[Result "1/2-1/2"]
[Round "04"]
[TimeControl "180+2"]
[Date "2023.01.17"]
[WhiteClock "0:00:22"]
[BlackClock "0:00:35"]

1. e4 c5 2. Nf3 d6 3. d4 cxd4 4. Nxd4 Nf6 5. Nc3 g6 6. Nf3 Nc6 7. Bb5 Bd7 8. O-O Bg7 9. h3 O-O 10. Re1 a6 11. Bf1 Rc8 12. a4 Na5 13. Nd4 Nc4 14. Nb3 Be6 15. a5 Nd7 16. Nd4 Bxd4 17. Qxd4 Nxa5 18. b3 Nc6 19. Qd2 Nf6 20. Bb2 Nb4 21. Rac1 a5 22. Qd4 Qd7 23. f4 Qc7 24. e5 dxe5 25. fxe5 Nd7 26. Qf4 f6 27. Nb5 Qb6+ 28. Bd4 fxe5 29. Qxf8+ Rxf8 30. Bxb6 Nxb6 31. Rxe5 Bd7 32. Rxe7 N4d5 33. Re5 Bc6 34. Nd4 Kg7 35. Nxc6 bxc6 36. c4 Nb4 37. Rxa5 Kh6 38. Rd1 Rf6 39. Re5 Nc2 40. c5 Nd5 41. Bc4 Nde3 42. Re1 Nxc4 43. bxc4 Nxe1 44. Rxe1 Rf5 45. Re4 Rxc5 46. Kf2 Kg5 47. Ke3 Kf5 48. g4+ Kg5 49. Kd4 Ra5 50. Re5+ Rxe5 51. Kxe5 h5 52. gxh5 gxh5 53. c5 Kh4 54. Kd6 Kxh3 55. Kxc6 Kg2 56. Kd6 h4 57. c6 h3 58. c7 h2 59. c8=Q h1=Q 60. Qc6+ Kg1 61. Qxh1+ Kxh1 1/2-1/2


[Site "https://www.chess.com"]

[Event "Titled Tuesday Blitz January 17 Early 2023"]
[White "Kozin, Yuri"]
[Black "Averjanov, Alexey"]
[WhiteFideId "4129920"]
[BlackFideId "14109867"]
[WhiteElo "2251"]
[BlackElo "2399"]
[Result "1/2-1/2"]
[Round "04"]
[TimeControl "180+2"]
[Date "2023.01.17"]
[WhiteClock "0:03:01"]
[BlackClock "0:02:51"]

1. e4 c6 2. d4 d5 3. exd5 cxd5 4. c4 Nf6 5. Nc3 e6 6. Nf3 Be7 7. cxd5 Nxd5 8. Bd3 Nc6 9. O-O O-O 10. Re1 Bf6 11. Be4 Nce7 12. Qd3 g6 13. Bh6 Bg7 14. Bg5 Bf6 15. Bh6 Bg7 16. Bg5 Bf6 17. Bh6 1/2-1/2


[Site "https://www.chess.com"]

[Event "Titled Tuesday Blitz January 17 Early 2023"]
[White "Kopczynski, Michal"]
[Black "Sipila, Vilka"]
[WhiteFideId "1124200"]
[BlackFideId "505455"]
[WhiteElo "2225"]
[BlackElo "2427"]
[Result "1-0"]
[Round "04"]
[TimeControl "180+2"]
[Date "2023.01.17"]
[WhiteClock "0:00:16"]
[BlackClock "0:00:02"]

1. e4 e6 2. d4 d5 3. Nc3 Bb4 4. e5 c5 5. dxc5 Qc7 6. f4 Nd7 7. Nf3 Nxc5 8. Bd3 Na4 9. O-O Nxc3 10. bxc3 Bxc3 11. Rb1 Ba5 12. Kh1 Bb6 13. Ba3 Bc5 14. Bb5+ Kf8 15. Bxc5+ Qxc5 16. Nd4 Nh6 17. c4 a6 18. cxd5 axb5 19. Rxb5 Qc4 20. dxe6 fxe6 21. Rb2 Rxa2 22. Nxe6+ Bxe6 23. Rxa2 Qxa2 24. Qd8+ Kf7 25. Qxh8 Bd5 26. e6+ Bxe6 27. f5 Bd5 28. Rg1 Ng4 29. h3 Bxg2+ 30. Rxg2 Qb1+ 31. Rg1 Qe4+ 32. Rg2 Qe1+ 33. Rg1 Nf2+ 34. Kg2 Qe2 35. Kg3 Ne4+ 36. Kf4 Qf2+ 37. Kxe4 Qxg1 38. Qxh7 1-0


[Site "https://www.chess.com"]